 Dungeon Crawl Stone Soup version 0.17-a0-1450-g7e755d1 (webtiles) character file.

40 Sirial the Caller (level 3, 0/19 HPs)
             Began as a Deep Elf Summoner on June 30, 2015.
             Was a Believer of Lugonu.
             Succumbed to an adder's poison
             ... on level 2 of the Dungeon.
             The game lasted 00:10:46 (1361 turns).

Sirial the Caller (Deep Elf Summoner)               Turns: 1361, Time: 00:10:47

Health: 0/19       AC:  2    Str:  5    XL:     3   Next: 30%
Magic:  1/10       EV: 13    Int: 20    God:    Lugonu [**....]
Gold:   30         SH:  0    Dex: 15    Spells: 1 memorised, 9 levels left

rFire  . . .     SeeInvis .     (no weapon)
rCold  . . .     Clarity  .     a - +0 robe
rNeg   . . .     SustAt   .     (no shield)
rPois  .         Gourm    .     (no helmet)
rElec  .         Spirit   .     (no cloak)
rCorr  .         Warding  .     (no gloves)
rMut   .         Stasis   .     (no boots)
MR     .....                    (no amulet)
Stlth  ++........               (no ring)
                                (no ring)

@: lethally poisoned (0 -> -14), not resistant to hostile enchantments,
unstealthy
A: no striking features
a: Depart the Abyss, Bend Space, Renounce Religion


You were on level 2 of the Dungeon.
You worshipped Lugonu.
Lugonu was pleased with you.
You were not hungry.

You visited 1 branch of the dungeon, and saw 2 of its levels.

You collected 30 gold pieces.

Inventory:

Armour
 a - a +0 robe (worn)
 g - a +1 pair of gloves
Jewellery
 d - an uncursed ring of magical power {unknown}
 e - an uncursed ring of positive energy {unknown}
Books
 b - a book of Callings

   Spells                             Type                      Level
   a - Summon Small Mammal            Summoning                    1
   b - Call Imp                       Summoning                    2
   c - Call Canine Familiar           Summoning                    3
   d - Summon Guardian Golem          Hexes/Summoning              3
   e - Summon Lightning Spire         Summoning/Air                4
   f - Summon Ice Beast               Ice/Summoning                4
Comestibles
 c - a bread ration


   Skills:
 + Level 2.8 Dodging
 + Level 2.4 Stealth
 + Level 4.2 Spellcasting
 + Level 4.9 Summonings


You had 9 spell levels left.
You knew the following spells:

 Your Spells              Type           Power        Failure   Level  Hunger
a - Summon Small Mammal   Summ           ###.         1%          1    None


Dungeon Overview and Level Annotations

Branches:
Dungeon (2/15)

Altars:
Lugonu


Message History

Your rat dies!
Your rat's corpse disappears in a puff of smoke!
You hit the adder.
The adder is heavily wounded.
The adder bites you.
* * * LOW HITPOINT WARNING * * *
You are more poisoned.
The adder poisons you!
You hit the adder.
The adder is heavily wounded.
* * * LOW HITPOINT WARNING * * *
You feel sick. The adder completely misses you.
Your rat bites the adder.
The adder bites your rat.
Casting: Summon Small Mammal
Confirm with . or Enter, or press ? or * to list all spells.
* * * LOW HITPOINT WARNING * * *
You feel sick.
Your rat misses the adder. The adder barely misses your rat.
Casting: Summon Small Mammal
Confirm with . or Enter, or press ? or * to list all spells.
You die...

######## #......#####
#.##.......# #.# #.##.#.###.#
#....## #.#.....##.# #...
#####.#.....##)#####...##
##.................### ###
##..###.r.r.....###.# ###..
#)#.......@Sr..w[.# # #....
##..###.#.......#.#.# #..#.
#..###.......#.#.#.# #.#_#
######............#.....# #..#.
#.......#......#.####.#####....
#.##...........#.# #.###......
#.##.#...........# #..........
#.##...........### #.###....>.
#.##.##........# #.#########


You could see a worm, an adder, a friendly quokka and 2 friendly rats.

Vanquished Creatures
  A jackal (D:2)
  A bat (D:1)
2 creatures vanquished.

Vanquished Creatures (collateral kills)
  Natasha (D:2)
  A worm (D:2)
  A giant gecko (D:1)
  A ball python (D:1)
  A bat (D:1)
  2 giant cockroaches
  3 hobgoblins
  4 kobolds
  A quokka (D:2)
  3 giant newts
  6 goblins
  8 jackals (D:2)
  3 rats
35 creatures vanquished.

Grand Total: 37 creatures vanquished

Notes
Turn   | Place    | Note
--------------------------------------------------------------
     0 | D:1      | Sirial the Deep Elf Summoner began the quest for the Orb.
     0 | D:1      | Reached XP level 1. HP: 10/10 MP: 6/6
   262 | D:1      | Reached XP level 2. HP: 10/15 MP: 0/8
  1094 | D:2      | Found a faded altar to an unknown god.
  1109 | D:2      | Became a worshipper of Lugonu the Unformed
  1109 | D:2      | Acquired Lugonu's first power
  1109 | D:2      | Acquired Lugonu's second power
  1220 | D:2      | Noticed Natasha
  1230 | D:2      | Killed Natasha
  1230 | D:2      | Reached XP level 3. HP: 1/19 MP: 3/10
  1361 | D:2      | Succumbed to an adder's poison

Vault maps used:
D:1:      nagdon_arrival_double_spiral
D:2:      ecumenical_altar_1, uniq_natasha

Action                   || total
-------------------------++-------
Melee: Unarmed           ||    15
 Cast: Summon Small Mamm ||   107
  Use: Scroll            ||     5
       Potion            ||     2
  Eat: Bread ration      ||     1
